 Dungeon Crawl Stone Soup version 0.30.1-9-gdf580d7c3d (webtiles) character file.

Game seed: 3420730538891817141

32 leafyfresh the Sneak (level 3, 0/33 HPs)
             Began as a Minotaur Delver on Oct 26, 2023.
             Slain by an orc priest
             ... wielding a +1 short sword of draining
              (2 damage)
             ... on level 5 of the Dungeon.
             The game lasted 00:00:11 (35 turns).

leafyfresh the Sneak (Minotaur Delver)                Turns: 35, Time: 00:00:12

Health: 0/33       AC:  3    Str: 18    XL:     3   Next: 8%
Magic:  2/2        EV: 12    Int:  7    God:
Gold:   13         SH:  0    Dex: 11    Spells: 2/2 levels left

rFire   . . .        a - +0 short sword
rCold   . . .        (no shield)
rNeg    . . .        b - +0 leather armour
rPois   .            (helmet restricted)
rElec   .            (no cloak)
rCorr   .            (no gloves)
SInv    .            (no boots)
Will    .....        (no amulet)
Stlth   ++           (no ring)
HPRegen 0.25/turn    (no ring)
MPRegen 0.08/turn

%: no passive effects
@: no status effects
A: horns 2, retaliatory headbutt
a: no special abilities


You were on level 5 of the Dungeon.
You visited 1 branch of the dungeon, and saw 1 of its levels.

You collected 13 gold pieces.

Inventory:

Hand Weapons
 a - a +0 short sword (weapon)
Armour
 b - a +0 leather armour (worn)
Wands
 g - a wand of digging (3)
Scrolls
 c - a scroll of fog
 d - a scroll of magic mapping
 e - a scroll of fear
Potions
 f - a potion of haste


   Skills:
 + Level 4.0 Fighting
 + Level 2.7 Short Blades
 + Level 2.7 Dodging
 + Level 4.3 Stealth


You had 2 spell levels left.
You didn't know any spells.
Your spell library was empty.

Dungeon Overview and Level Annotations

Branches:
Dungeon (5/15)
 Temple: D:4-7

Altars:


Innate Abilities, Weirdness & Mutations

You have a pair of horns on your head.
You reflexively headbutt those who attack you in melee.


Message History

The orc barely misses you. You furiously retaliate!
You headbutt the orc!
You kill the orc!
The hound barks!
You hit the orc.
The orc is severely wounded.
The orc hits you with a +0 dagger.
You hit the orc but do no damage.
The orc is severely wounded.
The orc hits you with a +0 dagger.
You hit the orc but do no damage.
The orc is severely wounded.
The orc hits you with a +0 dagger.
You closely miss the orc. Your headbutt misses the orc.
The orc is severely wounded.
The orc barely misses you.
You hit the orc.
You kill the orc!
You hit the hound. You headbutt the hound.
The hound is heavily wounded.
The hound bites you but does no damage.
You barely miss the hound. Your headbutt misses the hound.
The hound is heavily wounded.
The hound bites you.
An orc priest comes into view.
It is wielding a +1 short sword of draining.
The hound barely misses you.
You hit the hound. You headbutt the hound.
You kill the hound!
The orc priest calls down the wrath of Beogh upon you.
Beogh smites you!
Ouch! That really hurt!
* * * LOW HITPOINT WARNING * * *
Your Fighting skill increases to level 4!
You have reached level 2!
You have reached level 3!
Your experience leads to an increase in your attributes!
Increase (S)trength, (I)ntelligence, or (D)exterity?
You feel stronger. x2
Items here: )) [[ †.
The orc priest hits you with a +1 short sword of draining.
You die...

######
....# #
.... #..
.<###..#
#o...#
#@.# #)##
####.#
###...##
#.....#
#.....#
###...#
#.....##
##......#


You could see an orc priest.

Vanquished Creatures
  A hound (D:5)
  2 orcs (D:5)
3 creatures vanquished.

Notes
Turn   | Place    | Note
-------+----------+-------------------------------------------
     0 | D:5      | leafyfresh the Minotaur Delver began the quest for the Orb.
     0 | D:5      | Reached XP level 1. HP: 19/19 MP: 0/0
    25 | D:5      | Noticed a hound
    32 | D:5      | Noticed an orc priest
    33 | D:5      | Killed a hound
    33 | D:5      | HP: 1/20 [orc priest/divine providence (12)]
    34 | D:5      | Reached XP level 2. HP: 1/27 MP: 1/1
    34 | D:5      | Reached XP level 3. HP: 2/33 MP: 2/2
    35 | D:5      | Slain by an orc priest

Illustrated notes

Levels and vault maps discovered:
D:5:      layout_cave_pods, grunt_dithmenos_smoke_and_mirrors,
          serial_gnoll_camp, gnoll_camp_mini_shop, gnoll_camp_medium_02,
          gnoll_camp_mini_shop, gnoll_camp_mini_hut, uniq_grinder

Skill      XL: |  1 |
---------------+----+-----
Fighting       | 4 |  4.0
Short Blades   | |  2.7
Dodging        | |  2.7
Stealth        | |  4.3

Action                     || total
---------------------------++-------
  Melee: Short sword       ||    12
         Headbutt          ||     2
 Armour: Leather armour    ||     2
  Dodge: Dodged            ||     3
